 Dungeon Crawl Stone Soup version 0.19-a0-1786-g230130f (webtiles) character file.

31280 esc the Unseen (level 13, -4/67 HPs)
             Began as a Spriggan Enchanter on Oct 3, 2016.
             Was an Elder of Ru.
             Slain by a spriggan rider
             ... wielding a +0 spear
              (24 damage)
             ... on level 6 of the Lair of Beasts.
             The game lasted 01:12:11 (14185 turns).

esc the Unseen (Spriggan Enchanter)                Turns: 14185, Time: 01:12:12

Health: -4/67      AC: 10    Str:  4    XL:     13   Next: 25%
Magic:  0/29       EV: 29    Int: 21    God:    Ru [****..]
Gold:   558        SH:  0    Dex: 17    Spells: 4 memorised, 24 levels left

rFire  . . .     SeeInvis +     C - +7 rapier of Xyih {pierce, Stlth+}
rCold  . . .     Gourm    .     b - +1 robe
rNeg   . . .     Faith    .     (shield restricted)
rPois  .         Spirit   .     (helmet restricted)
rElec  .         Dismiss  .     x - +1 cloak
rCorr  .         Reflect  .     (gloves unavailable)
MR     +....     Harm     .     (boots unavailable)
Stlth  ++++++++..               M - amulet of regeneration {+regen, !d}
                                O - +4 ring of slaying
                                h - +5 ring of protection

@: no potions, regenerating (expiring), very quick
A: unfitting armour, see invisible, herbivore 3, speed 3, slow metabolism 2,
inability to drink while threatened, hated by all, magic vulnerability 1,
disrupted magic 1
a: Draw Out Power, Power Leap, Renounce Religion


You were on level 6 of the Lair of Beasts.
You worshipped Ru.
Ru was greatly pleased with you.
You were not hungry.

You visited 2 branches of the dungeon, and saw 14 of its levels.
You also visited: Sewer.

You collected 744 gold pieces.
You spent 186 gold pieces at shops.

Inventory:

Hand Weapons
 C - the +7 rapier of Xyih (weapon) {pierce, Stlth+}
   (You found it on level 5 of the Dungeon)

   It inflicts extra damage upon your enemies.
   It makes you more stealthy.
Missiles
 g - 503 stones (quivered)
 j - 6 needles of sleeping
 v - 33 poisoned needles
Armour
 b - a +1 robe (worn)
 x - a +1 cloak (worn)
   (You found it on level 7 of the Dungeon)
Magical Staves
 G - an uncursed staff of summoning {!a}
   (You found it on level 2 of the Lair of Beasts)
Jewellery
 h - a +5 ring of protection (left hand)
   (You found it on level 1 of the Dungeon)
 i - an uncursed amulet of guardian spirit {Spirit}
   (You found it on level 2 of the Dungeon)
 y - a +5 ring of strength
   (You found it on level 4 of the Dungeon)
 M - an amulet of regeneration (around neck) {+regen, !d}
   (You found it on level 4 of the Lair of Beasts)
 O - a +4 ring of slaying (right hand)
   (You found it on level 4 of the Lair of Beasts)
 R - an uncursed ring of protection from magic {MR+, !d}
   (You found it on level 5 of the Lair of Beasts)
 V - an uncursed amulet of magic regeneration
   (You found it on level 6 of the Lair of Beasts)
Wands
 F - a wand of iceblast (9/15)
   (You found it on level 8 of the Dungeon)
 H - a wand of polymorph (20/24)
   (You found it on level 2 of the Lair of Beasts)
 Q - a wand of paralysis (9/24)
   (You found it on level 5 of the Lair of Beasts)
 U - a wand of lightning (9/15)
   (You found it on level 6 of the Lair of Beasts)
Scrolls
 a - 5 scrolls of blinking {!r}
 f - 4 scrolls of recharging
 k - 2 scrolls of amnesia
 m - a scroll of immolation {!r}
 o - 5 scrolls of magic mapping {!r}
 t - 5 scrolls of remove curse
 D - a scroll of enchant weapon
 I - 2 scrolls of teleportation
 T - a scroll of fear
Potions
 e - 3 potions of might
 l - 3 potions of berserk rage {!q}
 n - a potion of lignification {unknown}
 p - a potion of cancellation
 q - a potion of cure mutation {unknown}
 r - 3 potions of brilliance
 u - 2 potions of haste
 w - 2 potions of degeneration {!q}
 z - 3 potions of flight
 A - 3 potions of curing
 B - 6 potions of heal wounds
 J - a potion of mutation {unknown}
 L - a potion of invisibility {unknown}
 N - a potion of resistance
 P - a potion of agility
Books
 c - a book of Maledictions
 E - a book of Necromancy
   (You found it on level 2 of the Lair of Beasts)
 K - Sif Muna's Papyrus of Damaging Venom
   (You found it on level 3 of the Lair of Beasts)

   Spells                             Type                      Level
   a - Flame Tongue                   Conjuration/Fire             1
   b - Olgreb's Toxic Radiance        Poison                       4
   c - Fireball                       Conjuration/Fire             5
   d - Conjure Ball Lightning         Conjuration/Air              6
 S - a book of Transfigurations
   (You found it on level 6 of the Lair of Beasts)
Comestibles
 d - 6 bread rations {@e1}
 s - 20 fruits


   Skills:
 + Level 7.3 Fighting
 + Level 10.6 Short Blades
 + Level 13.5 Dodging
 + Level 15.1 Stealth
 + Level 11.8 Spellcasting
 - Level 9.3 Hexes
 - Level 3.8 Necromancy


You had 24 spell levels left.
You knew the following spells:

 Your Spells              Type           Power        Failure   Level  Hunger
a - Ensorcelled Hibernat  Hex/Ice        ####..       2%          2    None
b - Dazzling Spray        Conj/Hex       ####..       4%          3    None
c - Confuse               Hex            ######..     1%          3    None
r - Regeneration          Chrm/Necr      ###.......   14%         3    None


Dungeon Overview and Level Annotations

Branches:
Dungeon (8/15)             Temple (0/1) D:6            Lair (6/6) D:8
 Shoals (0/4) Lair:4       Spider (0/4) Lair:3        Slime (0/5) Lair:5

Altars:
Cheibriados
Dithmenos
Elyvilon
Makhleb
Nemelex Xobeh
Ru
Uskayaw
Vehumet
Xom
Yredelemnul
Zin
The Shining One

Shops:
D:5 ?


Innate Abilities, Weirdness & Mutations

You are very small and have problems with some larger weapons.
You are too small for most types of armour.
You have supernaturally acute eyesight. (SInv)
You are a herbivore.
You cover ground extremely quickly.
You need consume almost no food.
You cannot drink potions while threatened.
You are hated by all.
You are slightly vulnerable to magic. (MR-)
Your casting is slightly disrupted.


Message History

You now have 25/29 mp.
Aim: a spriggan, wielding a short sword and wearing a robe (chance to defeat MR: 26%)
The spriggan resists with almost no effort.
The spriggan hits you but does no damage.
The spriggan rider hits you from afar with a spear!
You take 17 damage, and have 50/67 hp.
MASSIVE DAMAGE!!
You now have 23/29 mp.
Aim: a spriggan, wielding a short sword and wearing a robe (chance to defeat MR: 26%)
The spriggan resists with almost no effort.
The spriggan closely misses you. The spriggan rider closely misses you.
You now have 21/29 mp.
Aim: a spriggan, wielding a short sword and wearing a robe (chance to defeat MR: 26%)
The spriggan resists with almost no effort.
The spriggan misses you. The spriggan rider closely misses you.
You now have 20/29 mp.
Your skin crawls.
The spriggan is stunned by your will and fails to attack.
The spriggan rider completely misses you.
You regained 2 hp, and now have 53/67 hp.
You now have 17/29 mp.
Aim: a spriggan, wielding a short sword and wearing a robe (chance to defeat MR: 26%)
The spriggan resists with almost no effort.
The spriggan completely misses you.
The spriggan rider hits you from afar with a spear!!
You feel threatened and lose the ability to drink potions!
You take 22 damage, and have 31/67 hp.
MASSIVE DAMAGE!!
You now have 15/29 mp.
Aim: a spriggan, wielding a short sword and wearing a robe (chance to defeat MR: 26%)
The spriggan resists with almost no effort.
The spriggan barely misses you.
The spriggan rider hits you but does no damage.
You now have 13/29 mp.
Your skin is crawling a little less now.
Aim: a spriggan, wielding a short sword and wearing a robe (chance to defeat MR: 26%)
The spriggan looks drowsy...
You regained 2 hp, and now have 37/67 hp.
You now have 12/29 mp.
The helpless spriggan fails to defend itself.
You stick the spriggan like a pincushion!!!!
You kill the spriggan!
The spriggan rider barely misses you.
Aim: a spriggan rider, wielding a spear (chance to defeat MR: 5%)
The spriggan rider resists with almost no effort.
The spriggan rider hits you from afar with a spear.
You take 2 damage, and have 36/67 hp.
You now have 10/29 mp.
Aim: a spriggan rider, wielding a spear (chance to defeat MR: 5%)
The spriggan rider resists with almost no effort.
The spriggan rider hits you from afar with a spear!
You take 9 damage, and have 27/67 hp.
You now have 8/29 mp.
Aim: a spriggan rider, wielding a spear (chance to defeat MR: 5%)
The spriggan rider resists with almost no effort.
Your skin stops crawling.
The spriggan rider hits you from afar with a spear!
* * * LOW HITPOINT WARNING * * *
You take 7 damage, and have 20/67 hp.
You now have 7/29 mp.
Aim: a spriggan rider, wielding a spear (chance to defeat MR: 5%)
The spriggan rider resists with almost no effort.
The spriggan rider hits you but does no damage.
You now have 5/29 mp.
Aim: a spriggan rider, wielding a spear (chance to defeat MR: 5%)
The spriggan rider resists with almost no effort.
The spriggan rider hits you from afar with a spear.
* * * LOW HITPOINT WARNING * * *
You take 5 damage, and have 17/67 hp.
You now have 4/29 mp.
Aim: a spriggan rider, wielding a spear (chance to defeat MR: 5%)
The spriggan rider resists with almost no effort.
The spriggan rider hits you from afar with a spear.
* * * LOW HITPOINT WARNING * * *
You take 5 damage, and have 12/67 hp.
You now have 2/29 mp.
Things that are here:
4 chunks of flesh {@w0}; a black bear skeleton
Things that are here:
3 chunks of flesh {@w0}; a wolf skeleton Your skin crawls.
The spriggan rider misses you.
You regained 2 hp, and now have 19/67 hp.
You now have 1/29 mp.
You can drink potions again.
Aim: a boggart (hasn't noticed you, chance to defeat MR: 28%)
Okay, then.
Your skin is crawling a little less now.
The spiny frog gives a loud, deep croak!
The spriggan rider closely misses you.
Your skin stops crawling.
Aim: a spriggan rider, wielding a spear (chance to defeat MR: 5%)
The spriggan rider resists with almost no effort.
The spriggan rider hits you from afar with a spear!!
You feel threatened and lose the ability to drink potions!
* * * LOW HITPOINT WARNING * * *
You take 25 damage, and have 18/67 hp.
MASSIVE DAMAGE!!
You now have 3/29 mp.
The spiny frog stings the fungus but does no damage.
The spiny frog completely misses the fungus.
Your skin crawls.
Your skin is crawling a little less now.
The spiny frog stings the fungus!!
The spriggan rider hits you from afar with a spear!!
You die...

.........................♣
.......................b.♣
.........#..............P♣
.......................♣♣♣
.......................♣
........#..............♣
............#.........♣♣
...........##........♣♣ ♣
.........###....@....♣ ♣
..........###.......♣♣ ♣♣
..................i.♣ ♣.
....≈...P.###..P....♣♣ ♣♣
.....≈≈≈...##.....PP.♣ ♣
....≈≈≈≈≈..##..#.PPP.♣♣ ♣
....≈≈≈≈...#P....PPPP.♣♣
....≈≈≈.P.###..#..FPP..♣
..........#............♣


You could see a spriggan rider and a spiny frog.

Vanquished Creatures
  6 hydras
  Erica (Lair:2)
  Pikel (D:8)
  5 black mambas
  Joseph (D:7)
  9 spiny frogs
  3 rime drakes
  13 komodo dragons
  4 polar bears
  A jumping spider (Lair:3)
  7 hippogriffs
  19 blink frogs
  6 spriggans
  22 yaks
  2 fire elementals (Lair:2)
  A basilisk (Lair:1)
  9 water moccasins
  9 porcupines
  2 slaves (D:8)
  3 orc warriors
  2 ice beasts
  A sky beast (D:7)
  3 black bears
  11 wolves (Lair:6)
  A boggart (Lair:6)
  A phantom (D:8)
  5 ogres
  7 centaurs
  6 crocodiles
  A big kobold (Sewer)
  11 bullfrogs
  A wyvern zombie (D:8)
  3 killer bees (D:8)
  An electric eel (Lair:3)
  A crimson imp (D:7)
  2 bullfrog zombies
  6 jellies
  2 hounds
  A bullfrog skeleton (D:7)
  An orc wizard (D:5)
  5 iguanas
  3 worker ants
  Robin (D:3)
  2 howler monkey zombies
  4 gnolls (D:8)
  11 adders
  44 river rats
  3 oozes
  An adder skeleton (D:6)
  A worm (D:6)
  3 dart slugs
  4 leopard geckos
  21 orcs
  A ball python (D:2)
  7 bats
  5 giant cockroaches
  14 goblins
  11 hobgoblins
  10 jackals
  9 kobolds
  6 quokkas
  4 frilled lizards
  A giant cockroach zombie (D:5)
  A jackal skeleton (D:8)
  A quokka zombie (D:5)
  9 rats
373 creatures vanquished.

Vanquished Creatures (others)
  A wolf (Lair:6)
  An orc wizard (D:5)
  A bush (Lair:5)
  5 fungi
  9 plants
17 creatures vanquished.

Grand Total: 390 creatures vanquished

Notes
Turn   | Place    | Note
-------+----------+-------------------------------------------
     0 | D:1      | esc the Spriggan Enchanter began the quest for the Orb.
     0 | D:1      | Reached XP level 1. HP: 9/9 MP: 5/5
    46 | D:1      | HP: 2/9 [bat (1)]
   157 | D:1      | Reached skill level 3 in Spellcasting
   214 | D:1      | Reached XP level 2. HP: 9/13 MP: 7/7
   559 | D:1      | Reached XP level 3. HP: 16/16 MP: 8/8
   787 | D:1      | Learned a level 2 spell: Ensorcelled Hibernation
   837 | D:2      | Reached skill level 2 in Short Blades
   837 | D:2      | Reached skill level 5 in Stealth
  1090 | D:2      | Reached XP level 4. HP: 13/21 MP: 6/10
  1204 | D:2      | Found a snail-covered altar of Cheibriados.
  1248 | D:2      | Reached skill level 4 in Hexes
  1449 | D:2      | Found a sacrificial altar of Ru.
  1455 | D:2      | Became a worshipper of Ru the Awakened
  1663 | D:3      | Found a glowing golden altar of the Shining One.
  1745 | D:3      | Noticed Robin
  1765 | D:3      | Killed Robin
  2071 | D:3      | Reached skill level 4 in Dodging
  2071 | D:3      | Reached XP level 5. HP: 24/24 MP: 11/11
  2238 | D:3      | Reached skill level 6 in Stealth
  2268 | D:3      | Gained mutation: You cannot drink potions while threatened. [Ru sacrifice]
  2268 | D:3      | Reached * piety under Ru
  2564 | D:4      | Found a sparkling altar of Nemelex Xobeh.
  2566 | D:4      | Noticed an ogre
  2570 | D:4      | HP: 3/24 [ogre/giant club (21)]
  2572 | D:4      | Killed an ogre
  2572 | D:4      | Reached skill level 3 in Short Blades
  2572 | D:4      | Reached skill level 4 in Spellcasting
  2744 | D:4      | Found a shadowy altar of Dithmenos.
  2785 | D:4      | Reached XP level 6. HP: 11/28 MP: 10/13
  2790 | D:4      | Learned a level 3 spell: Confuse
  2794 | D:4      | Learned a level 3 spell: Dazzling Spray
  3142 | D:4      | Found a glowing drain.
  3158 | Sewer    | Entered a sewer
  3358 | Sewer    | Reached skill level 7 in Stealth
  3568 | Sewer    | Found a white marble altar of Elyvilon.
  3715 | D:4      | Reached skill level 5 in Dodging
  3715 | D:4      | Reached skill level 5 in Hexes
  3727 | D:5      | Entered Level 5 of the Dungeon
  3744 | D:5      | Got a steaming rapier
  3749 | D:5      | Identified the +7 rapier of Xyih {pierce, Stlth+} (You found it on level 5 of the Dungeon)
  3856 | D:5      | Found Fusuucin's Magic Scroll Shop.
  3867 | D:5      | Bought a scroll of blinking for 82 gold pieces
  3867 | D:5      | Bought a scroll of blinking for 82 gold pieces
  3867 | D:5      | Bought a scroll of identify for 22 gold pieces
  3881 | D:5      | Reached XP level 7. HP: 18/32 MP: 10/14
  3976 | D:5      | Found a white marble altar of Elyvilon.
  3984 | D:5      | Found a glowing silver altar of Zin.
  4135 | D:5      | Found a radiant altar of Vehumet.
  4138 | D:5      | Found a basalt altar of Yredelemnul.
  4200 | D:5      | Found a burning altar of Makhleb.
  4248 | D:6      | Reached skill level 4 in Short Blades
  4313 | D:6      | Reached skill level 5 in Spellcasting
  4512 | D:6      | Found a staircase to the Ecumenical Temple.
  4520 | D:6      | Gained mutation: You are hated by all. [Ru sacrifice]
  4520 | D:6      | Reached ** piety under Ru
  4557 | D:6      | Reached skill level 6 in Dodging
  4590 | D:6      | Reached skill level 8 in Stealth
  4801 | D:6      | Reached XP level 8. HP: 36/36 MP: 6/17
  4866 | D:6      | Reached skill level 6 in Hexes
  5205 | D:7      | Reached skill level 1 in Fighting
  5240 | D:7      | Found a hide-covered altar of Uskayaw.
  5578 | D:7      | Reached skill level 5 in Short Blades
  5578 | D:7      | Reached skill level 7 in Dodging
  5589 | D:7      | Noticed a hippogriff
  5593 | D:7      | Reached skill level 6 in Spellcasting
  5606 | D:7      | Killed a hippogriff
  5606 | D:7      | Reached skill level 9 in Stealth
  5659 | D:7      | Noticed Joseph
  5667 | D:7      | Killed Joseph
  5667 | D:7      | Reached skill level 2 in Fighting
  5667 | D:7      | Reached skill level 7 in Hexes
  5667 | D:7      | Reached XP level 9. HP: 42/42 MP: 14/19
  6212 | D:8      | Reached skill level 8 in Dodging
  6303 | D:8      | Found a glowing golden altar of the Shining One.
  6357 | D:8      | Noticed an elephant
  6373 | D:8      | Found a staircase to the Lair.
  6494 | D:8      | Reached skill level 10 in Stealth
  6520 | D:8      | Reached skill level 7 in Spellcasting
  6723 | D:8      | Reached skill level 6 in Short Blades
  6813 | D:8      | Noticed Pikel
  6823 | D:8      | Killed Pikel
  6823 | D:8      | Reached skill level 3 in Fighting
  6838 | D:8      | Gained mutation: Your casting is slightly disrupted. [Ru sacrifice]
  6838 | D:8      | Reached *** piety under Ru
  6875 | Lair:1   | Entered Level 1 of the Lair of Beasts
  6885 | Lair:1   | Noticed a komodo dragon
  6888 | Lair:1   | Killed a komodo dragon
  6888 | Lair:1   | Reached skill level 9 in Dodging
  6888 | Lair:1   | Reached skill level 8 in Hexes
  6889 | Lair:1   | Noticed a spiny frog
  6894 | Lair:1   | Killed a spiny frog
  6894 | Lair:1   | Reached XP level 10. HP: 25/49 MP: 2/22
  6913 | Lair:1   | HP: 12/49 [poisoned by a spiny frog]
  6919 | Lair:1   | HP: 10/49 [poisoned by a spiny frog]
  6924 | Lair:1   | HP: 9/49 [poisoned by a spiny frog]
  6929 | Lair:1   | HP: 8/49 [poisoned by a spiny frog]
  6937 | Lair:1   | HP: 8/49 [poisoned by a spiny frog]
  7263 | Lair:1   | Reached skill level 11 in Stealth
  7335 | Lair:1   | Reached skill level 8 in Spellcasting
  7509 | Lair:1   | Noticed a five-headed hydra
  7740 | Lair:1   | Noticed a black mamba
  7745 | Lair:1   | Killed a black mamba
  7745 | Lair:1   | Reached skill level 7 in Short Blades
  7950 | Lair:1   | Killed a five-headed hydra
  7950 | Lair:1   | Reached skill level 4 in Fighting
  8037 | Lair:1   | Reached skill level 10 in Dodging
  8145 | Lair:1   | Found a shimmering altar of Xom.
  8686 | Lair:2   | Reached skill level 9 in Hexes
  8711 | Lair:2   | Reached skill level 12 in Stealth
  8728 | Lair:2   | Noticed a seven-headed hydra
  8735 | Lair:2   | Killed a seven-headed hydra
  8735 | Lair:2   | Reached skill level 9 in Spellcasting
  8735 | Lair:2   | Reached XP level 11. HP: 48/54 MP: 23/25
  8791 | Lair:2   | Noticed a four-headed hydra
  9029 | Lair:2   | Killed a four-headed hydra
  9040 | Lair:2   | Reached skill level 8 in Short Blades
  9058 | Lair:2   | Learned a level 3 spell: Regeneration
  9133 | Lair:2   | Noticed Erica
  9144 | Lair:2   | Killed Erica
  9490 | Lair:2   | Reached skill level 1 in Necromancy
  9494 | Lair:2   | Reached skill level 5 in Fighting
  9519 | Lair:2   | Reached skill level 11 in Dodging
  9968 | Lair:3   | Reached skill level 2 in Necromancy
  9993 | Lair:3   | Reached skill level 13 in Stealth
 10220 | Lair:3   | Identified Sif Muna's Papyrus of Damaging Venom
 10315 | Lair:3   | Reached skill level 10 in Spellcasting
 10323 | Lair:3   | Reached skill level 3 in Necromancy
 10374 | Lair:3   | Found a hole to the Spider Nest.
 10404 | Lair:3   | Reached skill level 9 in Short Blades
 10444 | Lair:3   | Reached XP level 12. HP: 60/60 MP: 15/27
 10629 | Lair:3   | Reached skill level 12 in Dodging
 10648 | Lair:3   | Noticed a seven-headed hydra
 10655 | Lair:3   | Killed a seven-headed hydra
 10964 | Lair:4   | Noticed a five-headed hydra
 10969 | Lair:4   | Killed a five-headed hydra
 10969 | Lair:4   | Reached skill level 6 in Fighting
 11241 | Lair:4   | Found a staircase to the Shoals.
 11482 | Lair:4   | Reached skill level 14 in Stealth
 11752 | Lair:4   | Reached skill level 11 in Spellcasting
 12003 | Lair:5   | Found a staircase to the Slime Pits.
 12011 | Lair:5   | Noticed a death yak
 12013 | Lair:5   | Noticed a death yak
 12013 | Lair:5   | Noticed a death yak
 12281 | Lair:5   | Noticed an eight-headed hydra
 12289 | Lair:5   | Killed an eight-headed hydra
 12289 | Lair:5   | Reached skill level 10 in Short Blades
 12373 | Lair:5   | Reached skill level 13 in Dodging
 12511 | Lair:5   | Noticed a death yak
 12516 | Lair:5   | Noticed a death yak
 12836 | Lair:6   | Entered Level 6 of the Lair of Beasts
 12853 | Lair:6   | Reached skill level 7 in Fighting
 12979 | Lair:6   | Found a sparkling altar of Nemelex Xobeh.
 13003 | Lair:6   | Gained mutation: You are slightly vulnerable to magic. (MR-) [Ru sacrifice]
 13003 | Lair:6   | Reached **** piety under Ru
 13010 | Lair:6   | Reached XP level 13. HP: 67/67 MP: 29/29
 13674 | Lair:5   | HP: 16/67 [poisoned by a water moccasin]
 13679 | Lair:5   | HP: 12/67 [poisoned by a water moccasin]
 13721 | Lair:5   | Reached skill level 15 in Stealth
 14137 | Lair:6   | HP: 12/67 [spriggan rider/spear (6)]
 14185 | Lair:6   | Slain by a spriggan rider

Vault maps used:
D:1:      dpeg_arrival_central, minivault_11, minmay_misc_feat_roman,
          hangedman_decor_push, dk_noncrumbling_4, minmay_misc_feat_columns
D:2:      marbit_many_paths, overflow_temple_1_default
D:3:      minmay_wonky_spiral, tso_oasis_becter, st_stairs_5, uniq_robin
D:4:      nicolae_dithmenos_through_a_glass_darkly, portal_sewer_entry_d,
          nemelex_xobeh_ov_fountains_minmay
D:5:      lightli_temple_of_fire, grunt_temple_overflow_cloverleaf, first_bread,
          serial_shops, nicolae_shop_temple_entry_statues_fountains
D:7:      overflow_temple_1_default, small_statue_intersection,
          minmay_misc_feat_enclosed, uniq_joseph
D:8:      david_lair_generic, basic_altar, uniq_pikel
Lair:1:   lemuel_centaur_altar
Lair:2:   uniq_erica
Lair:3:   spider_nest_entry_rubble, serial_bayou, serial_bayou_pond_a,
          serial_bayou_pond_d, serial_bayou_pond_d, serial_bayou_crossing,
          serial_bayou_pond_c
Lair:4:   minmay_shoals_entry_centaurs, beast_lair_carwin_10
Lair:5:   nicolae_slime_entry_slimehenge
Lair:6:   minmay_lair_end_enchanted_forest, basic_altar, lemuel_fruit_tree,
          lemuel_fruit_fields
Sewer:    sewer_kobolds

Skill      XL: |  1  2  3  4  5  6  7  8  9 10 11 12 13 |
---------------+----------------------------------------+-----
Spellcasting   | 3 4 5 6 7 9 10 11 | 11.8
Short Blades   | 2 3 4 5 6 7 9 10 | 10.6
Stealth        | 5 6 7 8 9 10 12 13 14 15 | 15.1
Hexes          | 4 5 7 8 9 |  9.3
Dodging        | 4 5 6 7 9 10 11 13 | 13.5
Fighting       | 2 3 4 5 7 |  7.3
Necromancy     | 3 |  3.8

Action                   |  1- 3 |  4- 6 |  7- 9 | 10-12 | 13-15 || total
-------------------------+-------+-------+-------+-------+-------++-------
Melee: Dagger            |   117 |   153 |       |       |       ||   270
       Rapier            |       |    13 |   144 |   330 |   102 ||   589
Throw: Stone             |       |       |       |     4 |     3 ||     7
 Cast: Corona            |     2 |       |       |       |       ||     2
       Ensorcelled Hiber |     4 |    34 |    37 |    86 |    24 ||   185
       Dazzling Spray    |       |     4 |     8 |    84 |    31 ||   127
       Confuse           |       |     2 |     7 |    10 |       ||    19
       Regeneration      |       |       |       |       |     5 ||     5
Invok: Sacrifice Drink   |       |     1 |       |       |       ||     1
       Sacrifice Love    |       |       |     1 |       |       ||     1
       Sacrifice Essence |       |       |     1 |     1 |       ||     2
  Use: Scroll            |       |     9 |    10 |     7 |       ||    26
       Potion            |       |       |       |       |     1 ||     1
 Stab: Sleeping          |    18 |    39 |    32 |    76 |     9 ||   174
       Confused          |       |     2 |     2 |     1 |       ||     5
       Invisible         |       |     1 |       |    23 |     3 ||    27
       Distracted        |       |       |     2 |     1 |       ||     3
  Eat: Pizza             |       |     1 |     1 |     1 |       ||     3
       Royal jelly       |       |       |     2 |       |       ||     2
       Fruit             |       |       |       |     3 |     1 ||     4
Armor: Robe              |    17 |    25 |    25 |    26 |    18 ||   111
Dodge: Dodged            |    70 |   104 |   173 |   338 |   134 ||   819

Vault maps used:
D:1:      dpeg_arrival_central, minivault_11, minmay_misc_feat_roman,
          hangedman_decor_push, dk_noncrumbling_4, minmay_misc_feat_columns
D:2:      marbit_many_paths, overflow_temple_1_default
D:3:      minmay_wonky_spiral, tso_oasis_becter, st_stairs_5, uniq_robin
D:4:      nicolae_dithmenos_through_a_glass_darkly, portal_sewer_entry_d,
          nemelex_xobeh_ov_fountains_minmay
D:5:      lightli_temple_of_fire, grunt_temple_overflow_cloverleaf, first_bread,
          serial_shops, nicolae_shop_temple_entry_statues_fountains
D:7:      overflow_temple_1_default, small_statue_intersection,
          minmay_misc_feat_enclosed, uniq_joseph
D:8:      david_lair_generic, basic_altar, uniq_pikel
Lair:1:   lemuel_centaur_altar
Lair:2:   uniq_erica
Lair:3:   spider_nest_entry_rubble, serial_bayou, serial_bayou_pond_a,
          serial_bayou_pond_d, serial_bayou_pond_d, serial_bayou_crossing,
          serial_bayou_pond_c
Lair:4:   minmay_shoals_entry_centaurs, beast_lair_carwin_10
Lair:5:   nicolae_slime_entry_slimehenge
Lair:6:   minmay_lair_end_enchanted_forest, basic_altar, lemuel_fruit_tree,
          lemuel_fruit_fields
Sewer:    sewer_kobolds

Table legend:
 A = Turns spent in this place as a percentage of turns spent in the entire game.
 B = Non-inter-level travel turns spent in this place as a percentage of non-inter-level travel turns spent in the entire game.
 C = Inter-level travel turns spent in this place as a percentage of turns spent in this place.
 D = Turns resting spent in this place as a percentage of non-inter-level travel turns spent in this place.
 E = Turns spent auto-exploring this place as a percentage of non-inter-level travel turns spent in this place.
 F = Non-inter-level travel turns spent in this place divided by the number of levels of this place that you've seen.
                   A       B       C       D       E      F
               +-------+-------+-------+-------+-------+----------------------
         Total | 100.0 | 100.0 |   0.4 |   1.9 |   7.6 | 291.8
       Dungeon |  41.1 |  41.0 |   0.6 |   1.4 |   9.9 | 224.4
          Lair |  57.2 |  57.3 |   0.3 |   2.0 |   5.8 | 417.7
         Sewer |   1.7 |   1.7 |   0.0 |   6.6 |  10.5 |  76.0
               +-------+-------+-------+-------+-------+----------------------

Table legend:
 A = Kills in this place as a percentage of kills in entire the game.
 B = Kills by you in this place as a percentage of kills by you in the entire game.
 C = Kills by friends in this place as a percentage of kills by friends in the entire game.
 D = Other kills in this place as a percentage of other kills in the entire game.
 E = Experience gained in this place as a percentage of experience gained in the entire game.
 F = Experience gained in this place divided by the number of levels of this place that you have seen.
                   A       B       C       D       E      F
               +-------+-------+-------+-------+-------+----------------------
         Total | 100.0 | 100.0 |  -nan | 100.0 | 100.0 | 2979.1
       Dungeon |  43.2 |  43.1 |  -nan |  50.0 |  10.7 | 595.1
          Lair |  53.9 |  53.9 |  -nan |  50.0 |  89.0 | 6631.3
         Sewer |   2.9 |   3.0 |  -nan |   0.0 |   0.3 | 137.0
               +-------+-------+-------+-------+-------+----------------------
